 Dungeon Crawl Stone Soup version 0.31-a0-986-g5e6e4ef867 (webtiles) character file.

Game seed: 12802996819572627127

3543 octoduck the Grappler (level 9, -1/94 HPs)
             Began as a Demonspawn Shapeshifter on Nov 24, 2023.
             Was an Elder of Okawaru.
             Slain by a hornet (8 damage)
             ... on level 8 of the Dungeon.
             The game lasted 00:22:27 (8374 turns).

octoduck the Grappler (Demonspawn Shapeshifter)     Turns: 8374, Time: 00:22:27

Health: -1/94      AC: 24    Str: 19    XL:     9   Next: 82%
Magic:  12/12      EV:  2    Int: 12    God:    Okawaru [****..]
Gold:   254        SH:  0    Dex: 12    Spells: 8/8 levels left

rFire   . .          .
                       - Unarmed
rCold   + . .        (no shield)
rNeg    . . .        k - melded +0 ring mail
rPois   +            (helmet currently unavailable)
rElec   .            (cloak currently unavailable)
rCorr   .            (gloves currently unavailable)
SInv    .            (boots currently unavailable)
Will    .....        i - amulet of the acrobat
Stlth   +            x - ring of protection from cold
HPRegen 0.35/turn    (no ring)
MPRegen 0.13/turn

%: acrobat
@: mighty, lethally poisoned (-1 -> -16), tree-form, slowed, very slow
A: stationary, stasis, torment immunity, boosted hp, (horns 1), ignite blood 2,
powered by pain 1
a: Renounce Religion, Heroism, Finesse


You were on level 8 of the Dungeon.
You worshipped Okawaru.
Okawaru was greatly pleased with you.
You were a tree.
You visited 2 branches of the dungeon, and saw 9 of its levels.

You collected 464 gold pieces.
You spent 210 gold pieces at shops.

Inventory:

Missiles
 e - 4 curare-tipped darts
 l - 8 boomerangs
 m - 4 datura-tipped darts
 D - 2 poisoned darts
Armour
 h - a +0 helmet
 k - a +0 ring mail (melded)
 p - a +0 cloak
Jewellery
 i - an amulet of the acrobat (around neck)
 x - a ring of protection from cold (left branch)
 B - an amulet of guardian spirit
Talismans
 c - a beast talisman
 d - a flux talisman (active)
 o - a granite talisman
Wands
 y - a wand of flame (1)
 A - a wand of light (4)
Scrolls
 a - 4 scrolls of vulnerability
 f - 5 scrolls of amnesia
 j - a scroll of immolation
 v - a scroll of fear
 C - 2 scrolls of teleportation
Potions
 b - a potion of attraction {unknown}
 n - 2 potions of brilliance
 q - a potion of ambrosia {unknown}
 r - a potion of magic {unknown}
 s - a potion of mutation
 u - a potion of resistance {unknown}
 w - 2 potions of haste
 z - a potion of might


   Skills:
 + Level 3.0 Fighting
 - Level 1.7 Dodging
 * Level 9.3 Unarmed Combat
 - Level 4.5 Invocations
 * Level 8.2 Shapeshifting


You had 8 spell levels left.
You didn't know any spells.
Your spell library contained the following spells:

 Spells                   Type           Power      Damage    Failure   Level
 Blink                    Tloc           0%         N/A       45%         2
 Cigotuvi's Dreadful Rot  Necr/Pois/Air  0%         N/A       45%         2
 Lesser Beckoning         Tloc           0%         N/A       45%         2
 Momentum Strike          Conj/Tloc      0%         3d8       45%         2
 Ignite Poison            Fire/Tmut/Pois 0%         N/A       69%         3
 Sigil of Binding         Hex            0%         N/A       69%         3
 Dimensional Bullseye     Hex/Tloc       0%         N/A       97%         4
 Leda's Liquefaction      Hex/Erth       0%         N/A       97%         4
 Freezing Cloud           Conj/Ice/Air   0%         6-21      100%        5
 Call Canine Familiar     Summ           Unusable   N/A       N/A         3

Dungeon Overview and Level Annotations

Branches:
Dungeon (8/15)             Temple (1/1) D:4
   Lair: D:8-11

Altars:
Ashenzari
Cheibriados
Dithmenos
Fedhas
Kikubaaqudgha
Makhleb
Nemelex Xobeh
Okawaru
Qazlal
Ru
Sif Muna
Trog
Uskayaw
Wu Jian
Yredelemnul

Shops:
D:5 *

Annotations:
D:4 3 runed translucent doors, pokeman's ghost, amateur DEHW
D:5 3 runed translucent doors, gelatine's ghost, amateur DsFi


Innate Abilities, Weirdness & Mutations

You are a tree.
Your roots penetrate the ground, keeping you stationary.
You cannot be teleported.
You are immune to unholy pain and torment.
Your maximum health is greatly increased.
Your equipment is partially melded.
((You have a pair of small horns on your head.))
Your demonic aura often causes spilled blood to erupt in flames.
You sometimes gain a little power by taking damage.


Message History

D - 2 poisoned darts
z - 2 fuming emerald potions (gained 1)
There is a stone staircase leading up here.
As you read the scroll of identify, it crumbles to dust.
w - 2 potions of haste
Found 28 gold pieces.
You miss the hornet. The hornet stings you.
You are poisoned.
You feel yourself slow down. The hornet stings you.
You are more poisoned.
You suddenly lose the ability to move!
You feel very sick. The hornet stings you.
You feel as though you will be slow longer.
You feel very sick. The hornet stings you.
You are more poisoned.
You feel as though you will be slow longer.
The hornet stings you!
You are lethally poisoned!
You feel as though you will be slow longer.
You feel extremely sick. The hornet barely misses you.
You can move again.
Your transformation has ended.
You turn into a tree.
Your +0 ring mail melds into your body.
Your roots penetrate the ground.
* * * LOW HITPOINT WARNING * * *
You feel extremely sick.
The hornet stings you but does no damage. x2
It was a potion of might.
You feel very mighty all of a sudden.
* * * LOW HITPOINT WARNING * * *
You feel extremely sick. The hornet stings you!
* * * LOW HITPOINT WARNING * * *
You feel as though you will be slow longer.
The hornet stings you but does no damage.
The hornet stings you!
You die...

$.....#....
........## ........#
. ###........
......#.# ##.##.....#
#.....#. ..........#
..∩..#. ##..#....##
..... ##.....y######
.... ####..#♣....#
..# #........# #.#
#######.......# #†#
#.......#.....#
#.####
#.......#.....#
#.....
####.....)##.......
##....
#.....<...###.......
#.....
...##......###.####..
#....> #..........#
## #.....


You could see a hornet.

Vanquished Creatures
  Sigmund (D:6)
  3 wyverns
  A yak (D:8)
  3 water moccasins
  2 black bears
  An orc warrior (D:6)
  6 ice beasts
  2 ogres (D:6)
  A sky beast (D:6)
  3 centaurs (D:7)
  2 phantoms
  A kobold brigand (D:6)
  A wight (D:6)
  3 scorpions
  Crazy Yiuf (D:2)
  A sleepcap (D:6)
  2 gnoll boudas (D:6)
  3 orc priests
  3 hounds
  Jessica (D:2)
  An iguana (D:7)
  4 orc wizards
  Robin (D:2)
  7 gnolls
  7 adders
  A shadow imp (D:5)
  2 white imps
  2 worms
  A dart slug (D:2)
  24 orcs
  4 endoplasms
  4 giant cockroaches
  9 hobgoblins
  8 kobolds
  5 quokkas
  7 ball pythons
  10 bats
  5 frilled lizards
  13 goblins
  2 rats
158 creatures vanquished.

Notes
Turn   | Place    | Note
-------+----------+-------------------------------------------
     0 | D:1      | octoduck the Demonspawn Shapeshifter began the quest for
                  | the Orb.
     0 | D:1      | Reached XP level 1. HP: 15/15 MP: 1/1
   220 | D:1      | Reached skill level 3 in Unarmed Combat
   221 | D:1      | Gained mutation: Your demonic aura sometimes causes spilled
                  | blood to erupt in flames. [demonic ancestry]
   221 | D:1      | Reached XP level 2. HP: 10/21 MP: 2/2
   969 | D:2      | Found a runed translucent door.
   970 | D:2      | Noticed Crazy Yiuf
  1045 | D:2      | Reached XP level 3. HP: 12/26 MP: 3/3
  1319 | D:2      | Gained mutation: You sometimes gain a little power by
                  | taking damage. [demonic ancestry]
  1319 | D:2      | Reached XP level 4. HP: 32/32 MP: 4/4
  1602 | D:2      | Noticed Robin
  1643 | D:2      | Killed Robin
  1867 | D:2      | Killed Crazy Yiuf
  1868 | D:2      | Reached skill level 4 in Unarmed Combat
  2070 | D:2      | Reached XP level 5. HP: 9/37 MP: 5/5
  2881 | D:3      | You fall into a shaft and drop 1 floor!
  2932 | D:4      | Found a runed translucent gate.
  2933 | D:4      | Found a runed translucent gate.
  2934 | D:4      | Found a runed translucent gate.
  2934 | D:4      | Noticed pokeman's ghost (amateur DEHW)
  2944 | D:4      | Found a staircase to the Ecumenical Temple.
  2969 | Temple   | Entered the Ecumenical Temple
  2978 | Temple   | Became a worshipper of Warmaster Okawaru
  3015 | D:3      | Found a faded altar of an unknown god.
  3287 | D:3      | Noticed Jessica
  3302 | D:2      | Killed Jessica
  3416 | D:3      | Gained mutation: You have a pair of small horns on your
                  | head. [demonic ancestry]
  3416 | D:3      | Reached XP level 6. HP: 39/43 MP: 6/6
  3956 | D:4      | Reached skill level 5 in Unarmed Combat
  4103 | D:4      | Found a basalt altar of Yredelemnul.
  4458 | D:5      | Entered Level 5 of the Dungeon
  4473 | D:5      | Noticed gelatine's ghost (amateur DsFi)
  4477 | D:5      | Found a runed translucent gate.
  4477 | D:5      | Found a runed translucent gate.
  4477 | D:5      | Found a runed translucent gate.
  4477 | D:5      | Noticed a shadow
  4573 | D:5      | Noticed an ice beast
  4648 | D:4      | Reached skill level 5 in Shapeshifting
  5013 | D:6      | Noticed Sigmund
  5013 | D:6      | Noticed a water moccasin
  5130 | D:5      | Found Mocuh's Fire Supplies.
  5144 | D:5      | Bought a wand of flame (20) for 210 gold pieces
  5180 | D:5      | Found a stormy altar of Qazlal.
  5246 | D:5      | Reached * piety under Okawaru
  5247 | D:5      | Gained mutation: Your demonic aura often causes spilled
                  | blood to erupt in flames. [demonic ancestry]
  5247 | D:5      | Reached XP level 7. HP: 31/48 MP: 7/7
  5712 | D:6      | Reached skill level 6 in Unarmed Combat
  5931 | D:7      | Reached XP level 8. HP: 54/54 MP: 8/8
  5948 | D:7      | Reached ** piety under Okawaru
  6097 | D:7      | Reached skill level 7 in Unarmed Combat
  6552 | D:8      | Noticed a hornet
  6748 | D:6      | Reached *** piety under Okawaru
  6749 | D:6      | Reached skill level 8 in Unarmed Combat
  6834 | D:6      | Reached skill level 1 in Invocations
  6834 | D:6      | Reached XP level 9. HP: 59/59 MP: 8/10
  6989 | D:6      | Found a hide-covered altar of Uskayaw.
  7152 | D:6      | Found a sacrificial altar of Ru.
  7274 | D:6      | Killed Sigmund
  7749 | D:6      | Reached **** piety under Okawaru
  8035 | D:6      | Reached skill level 9 in Unarmed Combat
  8369 | D:8      | Paralysed by a hornet for 3 turns
  8374 | D:8      | Slain by a hornet

Illustrated notes

Levels and vault maps discovered:
D:1:      minmay_arrival_jagged, layout_loops_ring, dk_noncrumbling_2
D:2:      layout_loops_ring, uniq_robin, uniq_crazy_yiuf_cottage
D:3:      cheibrodos_pilgrimage, layout_basic, ebering_ecumenical_altar_rust,
          uniq_jessica
D:4:      layout_rooms, mainiacjoe_overflow_concentric_impassable,
          minmay_temple_entry_offerings, gammafunk_ghost_nasty_kobolds,
          moated_statue
D:5:      layout_basic, grunt_qazlal_sundering, gammafunk_ghost_split,
          nicolae_shop_fire_sale [nicolae_sub_dead_trees]
D:6:      minmay_razor_zed, layout_basic, nicolae_ru_awakened_eye,
          nicolae_uskayaw_suspiria, uniq_sigmund
D:7:      layout_rooms, nrook_mini_vaults, roderic_three_in_a_row
D:8:      layout_rooms, serial_ice, serial_ice_k, serial_ice_o, serial_ice_e,
          serial_ice_a, minmay_misc_feat_five, uniq_gastronok
Temple:   nicolae_temple_two_arcs

Skill      XL: |  1  2  3  4  5  6  7  8  9 |
---------------+----------------------------+-----
Unarmed Combat | 3 4 5 6 8 9 |  9.3
Shapeshifting  | 3 4 5 6 7 8 |  8.2
Invocations    | 1 4 |  4.5
Fighting       | 3 |  3.0
Dodging        | |  1.7

Action                     |  1- 3 |  4- 6 |  7- 9 || total
---------------------------+-------+-------+-------++-------
  Melee: Unarmed           |   107 |   216 |   146 ||   469
         Punch             |     3 |     8 |     1 ||    12
         Headbutt          |       |    10 |    34 ||    44
  Evoke: Wand              |       |       |    23 ||    23
    Use: Scroll            |     2 |     5 |     3 ||    10
         Potion            |     2 |     1 |     3 ||     6
   Stab: Sleeping          |     1 |       |       ||     1
         Invisible         |       |       |     1 ||     1
 Armour: Animal skin       |     6 |       |       ||     6
         Ring mail         |    35 |   126 |    77 ||   238
         Skin              |     3 |       |     5 ||     8
  Dodge: Dodged            |    68 |   193 |    93 ||   354
   Form: Flux              |       |       |     1 ||     1

Table legend: (Time is in decaauts)
 A = Elapsed time spent in this place.
 B = Non-inter-level travel time spent in this place.
 C = Inter-level travel time spent in this place.
 D = Time resting spent in this place.
 E = Time spent auto-exploring this place.
 F = Levels seen in this place.
 G = Mean time per level.
                   A        B        C        D        E       F      G
               +--------+--------+--------+--------+--------+-----+--------+
         Total |   8349 |   7657 |    692 |   2178 |   3493 |   9 |  927.7 |
       Dungeon |   8330 |   7654 |    676 |   2178 |   3493 |   8 | 1041.2 |
        Temple |     18 |      2 |     16 |      0 |      0 |   1 |   18.0 |
               +--------+--------+--------+--------+--------+-----+--------+

Top non-repeatable levels by time:
     D:6: 1685 daAuts
     D:2: 1536 daAuts
     D:3: 1337 daAuts
     D:5: 1050 daAuts
     D:1: 1038 daAuts
     D:4: 832 daAuts
     D:7: 712 daAuts
     D:8: 136 daAuts
  Temple: 18 daAuts
